 Seeded DCSS version 0.27.1-3-gb3d3a73c9e (webtiles) character file.

Game seed: 20211020 (custom seed)

58 jessy the Shield-Bearer (level 4, 0/36 HPs)
             Began as a Formicid Fighter on Oct 20, 2021.
             Was an Initiate of Ru.
             Constricted to death by a ball python (1 damage)
             ... on level 3 of the Dungeon.
             The game lasted 00:05:02 (1047 turns).

jessy the Shield-Bearer (Formicid Fighter)          Turns: 1047, Time: 00:05:03

Health: 0/36       AC:  7    Str: 21    XL:     4   Next: 20%
Magic:  4/4        EV:  5    Int:  8    God:    Ru [......]
Gold:   70         SH:  9    Dex: 10    Spells: 3/3 levels left

rFire    . . .     SeeInvis +   k - +2 short sword (elec)
rCold    . . .     Faith    .   c - +0 kite shield
rNeg     . . .     Spirit   .   b - +0 scale mail
rPois    .         Reflect  .   (helmet unavailable)
rElec    .         Harm     .   (no cloak)
rCorr    .         Rampage  .   (no gloves)
Will     .....                  (no boots)
Stlth    ..........             (no amulet)
HPRegen  0.12/turn              (no ring)
MPRegen  0.09/turn              (no ring)

@: constricted
A: permanent stasis, dig shafts and tunnels, antennae 3, four strong arms
a: Dig, Shaft Self, Renounce Religion, Sacrifice a Hand, Sacrifice Nimbleness,
Sacrifice Experience, Reject Sacrifices


You were on level 3 of the Dungeon.
You worshipped Ru.
Ru was noncommittal.
You visited 1 branch of the dungeon, and saw 3 of its levels.

You collected 70 gold pieces.

Inventory:

Hand Weapons
 a - a +0 long sword
 g - a +0 whip
 k - a +2 short sword of electrocution (weapon)
 o - a +1 dagger of holy wrath
Missiles
 e - 76 stones (quivered)
Armour
 b - a +0 scale mail (worn)
 c - a +0 kite shield (worn)
 i - a +0 leather armour
 l - a +0 scale mail
Scrolls
 h - a scroll of silence {unknown}
 m - a scroll of identify {unknown}
 n - a scroll of magic mapping {unknown}
Potions
 d - a potion of might
 f - a potion of ambrosia {unknown}
 j - a potion of resistance {unknown}


   Skills:
 + Level 3.6 Fighting
 + Level 0.1(1.5) Short Blades
 + Level 2.7 Long Blades
 + Level 3.7 Armour
 + Level 0.5 Dodging
 + Level 4.3 Shields


You had 3 spell levels left.
You didn't know any spells.
Your spell library was empty.

Dungeon Overview and Level Annotations

Branches:
Dungeon (3/15)

Altars:
Ru


Innate Abilities, Weirdness & Mutations

You cannot be hasted, slowed, berserked, paralysed or teleported.
You can dig through walls and to a lower floor.
You have a pair of large antennae on your head. (SInv)
Your four strong arms can wield two-handed weapons with a shield.


Message History

The adder poisons you!
You hit the quokka.
The quokka is moderately wounded.
You feel sick. The quokka closely misses you. The adder bites you.
The adder barely misses you. You block the quokka's attack.
The adder bites you.
You are more poisoned.
The adder poisons you!
You feel sick.
You feel sick. The adder barely misses you.
You feel sick.
You feel sick.
You feel sick.
You feel sick. The adder bites you.
You are more poisoned.
The adder poisons you!
You feel sick.
You see here an orc corpse.
You feel sick.
You feel sick.
You hit the adder. Lightning courses through the adder!
You kill the adder!
You feel sick. You block the adder's attack.
You feel sick. The adder bites you but does no damage.
You see here an adder corpse.
You feel sick.
You feel sick.
You are no longer poisoned.
The adder bites you.
* * * LOW HITPOINT WARNING * * *
You hit the adder.
The adder is moderately wounded.
The adder bites you but does no damage. The quokka barely misses you.
You block the ball python's attack. The ball python grabs you.
The ball python constricts you. The adder bites you.
* * * LOW HITPOINT WARNING * * *
You block the quokka's attack.
You barely miss the ball python. You block the ball python's attack.
The ball python constricts you.
You die...

####....####.#.# .
##....#### #...## ..
##..############..##...
##..###..†S.............
#..## #†#########.......
######.#####...#
###.....
#..........#...# #...#.
#..........#S..# #.#...
#..........#@r.# #.##..
#..........S...##### ...
.. #.........<.........
..# ##
####################


You could see an adder, a quokka and a ball python.

Vanquished Creatures
  2 adders
  2 orcs (D:3)
  5 ball pythons
  4 endoplasms (D:1)
  A giant cockroach (D:1)
  6 hobgoblins
  3 quokkas
  2 bats (D:1)
  2 frilled lizards (D:1)
  3 goblins
  3 kobolds
  4 rats
37 creatures vanquished.

Vanquished Creatures (others)
  8 fungi (D:3)
8 creatures vanquished.

Grand Total: 45 creatures vanquished

Notes
Turn   | Place    | Note
-------+----------+-------------------------------------------
     0 | D:1      | jessy the Formicid Fighter began the quest for the Orb.
     0 | D:1      | Reached XP level 1. HP: 18/18 MP: 1/1
   131 | D:1      | Reached XP level 2. HP: 23/24 MP: 2/2
   562 | D:1      | Reached skill level 4 in Shields
   601 | D:1      | Reached XP level 3. HP: 29/29 MP: 3/3
   797 | D:2      | Found a faded altar of an unknown god.
   825 | D:2      | Became a worshipper of Ru the Awakened
  1004 | D:3      | Reached XP level 4. HP: 36/36 MP: 4/4
  1046 | D:3      | HP: 1/36 [adder (1)]
  1047 | D:3      | Constricted to death by a ball python

Illustrated notes

Levels and vault maps discovered:
D:1:      minmay_arrival_split_and_join, layout_basic, minmay_domino_4
D:2:      layout_basic, ebering_ecumenical_altar_rust, minmay_crystal_water,
          grunt_ministairs_1
D:3:      layout_rooms, mainiacjoe_overflow_chevrons

Skill      XL: |  1  2 |
---------------+-------+-----
Shields        | 4 |  4.3
Fighting       | |  3.6
Short Blades   | |  0.1
Long Blades    | |  2.7
Armour         | |  3.7
Dodging        | |  0.5

Action                   |  1- 3 |  4- 6 || total
-------------------------+-------+-------++-------
Melee: Long sword        |    70 |       ||    70
       Short sword       |    23 |    13 ||    36
Armor: Scale mail        |    69 |    14 ||    83
Dodge: Dodged            |    41 |    10 ||    51
Block: Kite shield       |    78 |    21 ||    99
       Rpst.: Long sword |     6 |       ||     6
